 Dungeon Crawl Stone Soup version 0.20-a0-522-g0b37eee (webtiles) character file.

14 HallandMoats the Skirmisher (level 2, 24/24 HPs)
             Began as a Demonspawn Fighter on Jan 25, 2017.
             Got out of the dungeon alive.
             The game lasted 00:00:54 (913 turns).

HallandMoats the Skirmisher (Demonspawn Fighter)     Turns: 913, Time: 00:00:54

Health: 24/24      AC:  6    Str: 16    XL:     2   Next: 27%
Magic:  3/3        EV:  6    Int:  9    God:
Gold:   45         SH:  8    Dex: 12    Spells: 3/3 levels left

rFire    . . .     SeeInvis .   a - +0 long sword
rCold    . . .     Gourm    .   b - +0 scale mail
rNeg     . . .     Faith    .   c - +0 shield
rPois    .         Spirit   .   (no helmet)
rElec    .         Reflect  .   (no cloak)
rCorr    .         Harm     .   (no gloves)
MR       .....                  (no boots)
Stlth    ..........             (no amulet)
Regen    0.1/turn               (no ring)
                                (no ring)

@: no status effects
A: claws 1
a: no special abilities


You escaped.
You were not hungry.

You visited 1 branch of the dungeon, and saw 1 of its levels.

You collected 45 gold pieces.

Inventory:

Hand Weapons
 a - a +0 long sword (weapon)
Armour
 b - a +0 scale mail (worn)
 c - a +0 shield (worn)
Scrolls
 g - a scroll of teleportation {unknown}
 l - a scroll of enchant armour {unknown}
 n - 3 scrolls of remove curse {unknown}
Potions
 d - a potion of might
 e - a potion of mutation {unknown}
 h - 3 potions of curing {unknown}
 j - 2 potions of flight {unknown}
 k - a potion of lignification {unknown}
Comestibles
 f - 2 bread rations
 i - a meat ration
 m - 3 chunks of flesh


   Skills:
 * Level 3.0 Fighting
 * Level 2.1 Long Blades
 + Level 2.7 Armour
 + Level 0.1 Dodging
 - Level 2.6 Shields
 * Level 1.0 Spellcasting


You had 3 spell levels left.
You didn't know any spells.

Dungeon Overview and Level Annotations

Branches:
Dungeon (1/15)

Altars:


Innate Abilities, Weirdness & Mutations

You have sharp fingernails.


Message History

You slash the dart slug!
You kill the dart slug!
Your Spellcasting skill increases to level 1!
You see here a dart slug corpse.
You butcher the dart slug corpse.
m - 3 chunks of flesh (gained 2)
n - 3 scrolls labeled KONAR GAGE A giant cockroach comes into view.
A giant cockroach is nearby!
A giant cockroach is nearby!
You hit the giant cockroach.
The giant cockroach is almost dead.
The giant cockroach barely misses you.
You riposte.
You slash the giant cockroach!
You kill the giant cockroach!
There is a staircase leading out of the dungeon here.
Are you sure you want to leave the Dungeon?
This will make you lose the game!
Alright, then stay!
Are you sure you want to leave the Dungeon?
This will make you lose the game!
You have escaped!

#.#####.#.# # #.......#.# ##
#########.# ######## #.
.......##.# ###......####.
######.##.# ####.........##..
#####.##.#######....(..#.....###
##...........##.........##....###
.......#...###..........##....##.
#######.....##..@......###.....#.
# ##...####........# #..#..## #
##.## ##.......## ##.##.#. # #.#
#...#....# ##..####. # #.#
#..#.....# #....# #. ## ##+##
#.##....## #.#..###. .#
##...###.#....## #.##..##. .#
##.....##.#....# #..#..##. .#
##.......#......# ##.#...#.


There were no monsters in sight!

Vanquished Creatures
  A dart slug (D:1)
  A leopard gecko (D:1)
  2 giant cockroaches (D:1)
  A hobgoblin (D:1)
  A bat (D:1)
  2 goblins (D:1)
  2 kobolds (D:1)
  A rat (D:1)
11 creatures vanquished.

Notes
Turn   | Place    | Note
-------+----------+-------------------------------------------
     0 | D:1      | HallandMoats the Demonspawn Fighter began the quest for the Orb.
     0 | D:1      | Reached XP level 1. HP: 18/18 MP: 1/1
   395 | D:1      | Gained mutation: You have sharp fingernails. [demonic ancestry]
   395 | D:1      | Reached XP level 2. HP: 21/24 MP: 2/2
   785 | D:1      | Reached skill level 1 in Spellcasting
   913 | D:$      | Got out of the dungeon alive.

Vault maps used:
D:1:      dpeg_arrival_arbitrary_a, serial_forest,
          infiniplex_forest_clump_curved, infiniplex_forest_end_1,
          infiniplex_forest_clump_large, infiniplex_forest_straight_2,
          infiniplex_forest_straight_3, infiniplex_forest_straight_1

Skill      XL: |  1  2 |
---------------+-------+-----
Long Blades    | 2 |  2.1
Spellcasting   | 1 |  1.0
Fighting       | |  3.0
Armour         | |  2.7
Dodging        | |  0.1
Shields        | |  2.6

Action                   || total
-------------------------++-------
Melee: Long sword        ||    26
Armor: Scale mail        ||    12
Dodge: Dodged            ||    10
Block: Shield            ||    10
       Rpst.: Long sword ||     6
